 Dungeon Crawl Stone Soup version 0.28-a0-969-g2dcde036d2 (webtiles) character file.

Game seed: 13016784129093204467

16924 Decritt the Fighter (level 12, -4/107 HPs)
             Began as a Demonspawn Abyssal Knight on Dec 1, 2021.
             Was a High Priest of Lugonu.
             Slain by a +7 long sword (16 damage)
             ... on level 12 of the Dungeon.
             The game lasted 00:39:00 (12707 turns).

Decritt the Fighter (Demonspawn Abyssal Knight)    Turns: 12707, Time: 00:39:00

Health: -4/107     AC: 20    Str: 17    XL:     12   Next: 14%
Magic:  20/20      EV: 10    Int: 14    God:    Lugonu [*****.]
Gold:   447        SH: 12    Dex: 15    Spells: 11/11 levels left

rFire   . . .      SeeInvis +   z - +9 mace "Zaloul" {spect, Int+2 SInv}
rCold   . . .      Faith    .   L - +3 kite shield {reflect}
rNeg    . . .      Spirit   .   J - +0 plate armour
rPois   +          Reflect  +   g - +0 helmet
rElec   .          Harm     .   y - scarf {repulsion}
rCorr   .          Rampage  .   G - +1 pair of gloves
Will    .....                   F - +0 pair of boots
Stlth   ..........              (no amulet)
HPRegen 0.27/turn               m - ring of poison resistance
MPRegen 0.17/turn               s - +4 ring of evasion

@: studying Invocations, repel missiles
A: rugged brown scales 2, ignite blood 2, powered by death 1, demonic touch 1
a: Renounce Religion, Depart the Abyss, Bend Space, Banish, Corrupt, Enter the
Abyss


You were on level 12 of the Dungeon.
You worshipped Lugonu.
Lugonu was extremely pleased with you.
You visited 1 branch of the dungeon, and saw 14 of its levels.
You visited the Abyss 1 time.

You collected 736 gold pieces.
You spent 289 gold pieces at shops.

Inventory:

Hand Weapons
 i - the +5 war axe "Spiderbane" {flame, *Corrode rElec rC+++ Will+}
   (You found it on level 10 of the Dungeon)

   It burns those it strikes, dealing additional fire damage.
   Big, fiery blades are also staple armaments of hydra-hunters.
   rC:        It renders you almost immune to cold.
   rElec:     It insulates you from electricity.
   *Corrode:  It may corrode you when you take damage.
   Will:      It increases your willpower.
 l - the +5 great mace of the Manifold Places {spect, Str+5}
   (You acquired it on level 1 of the Dungeon)

   When its wielder attacks, the weapon's spirit leaps out and strikes again.
   The spirit shares a part of any damage it takes with its wielder.
   Str:       It affects your strength (+5).
 o - a +1 vampiric spear
 z - the +9 mace "Zaloul" (weapon) {spect, Int+2 SInv}
   (You found it on level 6 of the Dungeon)

   When its wielder attacks, the weapon's spirit leaps out and strikes again.
   The spirit shares a part of any damage it takes with its wielder.
   Int:       It affects your intelligence (+2).
   SInv:      It lets you see invisible.
Armour
 f - the +3 scale mail of Defence {Stlth+}
   (You took it off a kobold on level 8 of the Dungeon)

   Stlth:     It makes you more stealthy.
 g - a +0 helmet (worn)
 y - a scarf of repulsion (worn)
 F - a +0 pair of boots (worn)
 G - a +1 pair of gloves (worn)
 J - a +0 plate armour (worn)
 L - a +3 kite shield of reflection (worn)
Jewellery
 b - a ring of protection from fire
 m - a ring of poison resistance (left hand)
 p - a +6 ring of dexterity
 s - a +4 ring of evasion (right hand)
Wands
 q - a wand of acid (6)
Scrolls
 c - 6 scrolls of teleportation
 e - 2 scrolls of enchant weapon
 x - 2 scrolls of fog
 D - a scroll of amnesia
Potions
 a - a potion of ambrosia {unknown}
 d - 7 potions of heal wounds
 h - 2 potions of curing
 j - a potion of flight {unknown}
 k - 3 potions of berserk rage
 n - 3 potions of haste
 w - a potion of mutation {unknown}
 C - 2 potions of might
 E - a potion of resistance
 I - a potion of attraction {unknown}


   Skills:
 + Level 12.1 Fighting
 + Level 6.4 Maces & Flails
 - Level 2.3 Polearms
 + Level 8.0 Armour
 - Level 7.0 Dodging
 * Level 3.9 Shields
 + Level 10.7 Invocations


You had 11 spell levels left.
You didn't know any spells.
Your spell library contained the following spells:

 Spells                   Type           Power      Damage    Failure   Level
 Scorch                   Fire           0%         2d5       100%        2
 Sublimation of Blood     Necr           0%         N/A       100%        2
 Wereblood                Tmut           0%         N/A       100%        2
 Flame Wave               Conj/Fire      0%         2d4       100%        4
 Olgreb's Toxic Radiance  Pois           0%         N/A       100%        4
 Summon Cactus Giant      Summ           0%         N/A       100%        6
 Ozocubu's Refrigeration  Ice            0%         4d5       100%        7
 Summon Hydra             Summ           0%         N/A       100%        7
 Borgnjor's Revivificati  Necr           0%         N/A       100%        8
 Ignition                 Fire           0%         3d3       100%        8
 Necromutation            Tmut/Necr      0%         N/A       100%        8
 Death's Door             Necr           0%         N/A       100%        9


Dungeon Overview and Level Annotations

Branches:
Dungeon (14/15)            Temple (0/1) D:7            Lair (0/6) D:11
    Orc (0/2) D:11
 Vaults: D:13-14

Altars:
Gozag
Nemelex Xobeh
Okawaru
Yredelemnul

Shops:
D:11 !(=

Portals:
Trove: D:10 (give 6 scrolls of fog)
Gauntlet: D:12


Innate Abilities, Weirdness & Mutations

You are mostly covered in rugged brown scales. (AC +2, +5% HP)
Your demonic aura often causes spilled blood to erupt in flames.
You regenerate a little health from kills.
Your touch may inflict minor irresistible damage on your foes.


Message History

The +7 long sword hits you!
* * * LOW HITPOINT WARNING * * *
The two-headed ogre is engulfed in blazing flames.
The +7 long sword hits you!
* * * LOW HITPOINT WARNING * * *
The two-headed ogre is engulfed in blazing flames.
The +7 long sword hits you.
* * * LOW HITPOINT WARNING * * *
The +7 long sword hits you.
* * * LOW HITPOINT WARNING * * *
There is a stone staircase leading up here.
You block the +7 long sword's attack.
You climb upwards.
You hear a distant snort.
Hark!
There is a gateway to a gauntlet on this level.
Find the entrance quickly before the gate is sealed!
You hear the deafening beating of a drum very nearby.
There is a stone staircase leading down here.
You hit the +7 long sword.
The +7 long sword is lightly damaged.
Your +9 mace "Zaloul" {spect, Int+2 SInv} hits the +7 long sword!
The +7 long sword hits you but does no damage. x2
You hit the +7 long sword.
The +7 long sword is severely damaged.
Your +9 mace "Zaloul" {spect, Int+2 SInv} hits the +7 long sword.
The +7 long sword hits you but does no damage.
The +7 long sword completely misses you.
You miss the +7 long sword.
The +7 long sword is severely damaged.
Your +9 mace "Zaloul" {spect, Int+2 SInv} misses the +7 long sword.
The +7 long sword hits you!
* * * LOW HITPOINT WARNING * * *
The +7 long sword hits you!!
* * * LOW HITPOINT WARNING * * *
You closely miss the +7 long sword.
The +7 long sword is severely damaged.
Your +9 mace "Zaloul" {spect, Int+2 SInv} barely misses the +7 long sword.
The +7 long sword hits you.
* * * LOW HITPOINT WARNING * * *
The +7 long sword hits you!
You die...

....######...............####....
.:...............................
....######.......................
....# #..........##..........#
....######.....).....#..........#
#####.....÷.......#..............
### #.####..........#.....#......
..# #.# ##..#.#.[.)##...#♣#.....
..###.# #...#...@............####
......###......#((..#....#####
..####....####.#.........# ..#
##..## #..)...##.......∩ ###
##..# #..#...##....###.#
#...####..#.#.##....# #
#.#.##....#.#.##.#### ##
##..#....####.####.#
.###..###..># ..# #.#


You could see a +7 long sword and a friendly +9 mace "Zaloul" {spect, Int+2
SInv} (summoned).

Vanquished Creatures
  2 hydras (D:12)
  A centaur warrior (D:14)
  3 death yaks
  A tengu warrior (D:11)
  An ugly thing (D:10)
  2 cyclopes (D:13)
  Maggie (D:7)
  An unseen horror (D:10)
  The ghost of Glundar the Skirmisher, a novice GrBe of Trog (D:4)
  A hornet (D:10)
  4 trolls
  2 wyverns
  Sigmund (D:6)
  A shadow (D:9)
  Eustachio (D:4)
  A basilisk (D:11)
  A steam dragon (D:10)
  21 yaks
  7 vampire mosquitoes
  A water moccasin (D:9)
  3 orc warriors
  A sky beast (D:6)
  7 black bears
  7 ogres
  A necrophage (D:6)
  5 centaurs
  7 kobold brigands
  2 bullfrogs
  2 scorpions
  5 gnoll sergeants (D:11)
  A wyvern zombie (D:6)
  3 killer bees (D:8)
  8 wights (D:8)
  A howler monkey (D:9)
  3 centaur zombies
  A bullfrog zombie (D:7)
  3 jellies
  7 orc priests
  3 hounds
  A gnoll shaman (D:4)
  A centaur skeleton (D:6)
  An iguana (D:6)
  10 orc wizards
  A howler monkey zombie (D:11)
  6 gnolls
  2 howler monkey skeletons
  7 adders
  2 white imps (D:7)
  2 ufetubi
  2 adder skeletons (D:4)
  A worm (D:2)
  5 dart slugs
  37 orcs
  7 endoplasms
  5 giant cockroaches
  7 hobgoblins
  15 jackals
  3 quokkas (D:1)
  9 ball pythons
  8 bats
  5 frilled lizards
  7 goblins
  19 kobolds
  7 rats
294 creatures vanquished.

Vanquished Creatures (others)
  A plant (D:6)
1 creature vanquished.

Grand Total: 295 creatures vanquished

Notes
Turn   | Place    | Note
-------+----------+-------------------------------------------
     0 | Abyss:1  | Decritt the Demonspawn Abyssal Knight began the quest for
                  | the Orb.
     0 | Abyss:1  | Reached XP level 1. HP: 18/18 MP: 2/2
    77 | D:1      | Escaped the Abyss
   201 | D:1      | Reached skill level 1 in Dodging
   295 | D:1      | Gained mutation: You regenerate a little health from kills.
                  | [demonic ancestry]
   295 | D:1      | Reached XP level 2. HP: 24/24 MP: 3/3
  1287 | D:2      | Reached ** piety under Lugonu
  1288 | D:2      | Reached XP level 3. HP: 29/29 MP: 5/5
  1736 | D:2      | Reached XP level 4. HP: 27/37 MP: 6/6
  2088 | D:1      | Identified a scroll of acquirement
  2088 | D:1      | Acquired the +5 great mace of the Manifold Places {spect,
                  | Str+5}
  2575 | D:2      | Found a faded altar of an unknown god.
  2590 | D:2      | Reached skill level 4 in Fighting
  3504 | D:3      | Reached *** piety under Lugonu
  3741 | D:4      | Gained mutation: You are partially covered in rugged brown
                  | scales. (AC +1, +3% HP) [demonic ancestry]
  3741 | D:4      | Reached XP level 5. HP: 33/43 MP: 7/7
  3751 | D:4      | Noticed Eustachio
  3762 | D:4      | Killed Eustachio
  3763 | D:4      | Reached XP level 6. HP: 38/51 MP: 7/9
  3785 | D:4      | Reached skill level 5 in Fighting
  3961 | D:4      | Found a large runed translucent door.
  3961 | D:4      | Found a large runed translucent door.
  3963 | D:4      | Noticed Glundar's ghost (novice GrBe)
  3970 | D:4      | Killed Glundar's ghost
  3971 | D:4      | Reached skill level 5 in Invocations
  3971 | D:4      | Gained mutation: Your demonic aura sometimes causes spilled
                  | blood to erupt in flames. [demonic ancestry]
  3971 | D:4      | Reached XP level 7. HP: 54/58 MP: 10/10
  4034 | D:4      | Reached skill level 6 in Fighting
  4164 | D:4      | Found a basalt altar of Yredelemnul.
  4233 | D:5      | Entered Level 5 of the Dungeon
  4264 | D:5      | Reached **** piety under Lugonu
  4279 | D:5      | Gained mutation: Your demonic aura often causes spilled
                  | blood to erupt in flames. [demonic ancestry]
  4279 | D:5      | Reached XP level 8. HP: 66/66 MP: 12/12
  4545 | D:5      | Found an opulent altar of Gozag.
  4736 | D:5      | Reached skill level 7 in Fighting
  4870 | D:6      | Identified the +9 mace "Zaloul" {spect, Int+2 SInv}
  4954 | D:6      | Reached skill level 1 in Maces & Flails
  5040 | D:6      | Reached XP level 9. HP: 76/76 MP: 14/14
  5042 | D:6      | Found a sparkling altar of Nemelex Xobeh.
  5046 | D:6      | Found an iron altar of Okawaru.
  5060 | D:6      | Noticed Sigmund
  5061 | D:6      | Reached skill level 8 in Fighting
  5063 | D:6      | Reached skill level 5 in Armour
  5066 | D:6      | Killed Sigmund
  5451 | D:7      | Reached ***** piety under Lugonu
  5896 | D:7      | Reached skill level 5 in Dodging
  6209 | D:7      | Noticed Maggie
  6212 | D:7      | Killed Maggie
  6213 | D:7      | Reached skill level 9 in Fighting
  6227 | D:7      | Found a staircase to the Ecumenical Temple.
  6640 | D:8      | Identified the +3 scale mail of Defence {Stlth+}
  6982 | D:8      | Gained mutation: You are mostly covered in rugged brown
                  | scales. (AC +2, +5% HP) [demonic ancestry]
  6982 | D:8      | Reached XP level 10. HP: 28/87 MP: 16/16
  7292 | D:8      | Identified the +9 mace "Keyji" {holy, Will++ Int+2}
  8000 | D:9      | Reached skill level 10 in Fighting
  8922 | D:10     | Entered Level 10 of the Dungeon
  8936 | D:10     | Identified the +5 war axe "Spiderbane" {flame, *Corrode
                  | rElec rC+++ Will+}
  9115 | D:10     | Found a portal to a secret trove of treasure.
 10335 | D:11     | Found Souhauby's Distillery.
 10340 | D:11     | Reached XP level 11. HP: 77/96 MP: 18/18
 10401 | D:11     | Bought a potion of heal wounds for 85 gold pieces
 10401 | D:11     | Bought a potion of might for 68 gold pieces
 10401 | D:11     | Bought a potion of curing for 51 gold pieces
 10401 | D:11     | Bought a potion of berserk rage for 85 gold pieces
 10491 | D:11     | Noticed a white ugly thing
 10494 | D:11     | Noticed a death yak
 10494 | D:11     | Noticed a death yak
 10617 | D:11     | Noticed a tengu warrior
 10622 | D:10     | Killed a white ugly thing
 10623 | D:10     | Reached skill level 11 in Fighting
 10908 | D:10     | Killed a death yak
 10909 | D:10     | Reached skill level 5 in Maces & Flails
 10909 | D:10     | Reached skill level 10 in Invocations
 10910 | D:10     | Killed a death yak
 11394 | D:11     | Found a staircase to the Orcish Mines.
 11753 | D:11     | Killed a tengu warrior
 11968 | D:11     | Found Vioh's Weapon Boutique.
 12002 | D:11     | Noticed a death yak
 12007 | D:11     | Reached skill level 1 in Shields
 12013 | D:11     | Killed a death yak
 12059 | D:11     | Found a staircase to the Lair.
 12067 | D:11     | Found Mubaot's Jewellery Shoppe.
 12254 | D:12     | Found a gate leading to a gauntlet.
 12261 | D:12     | Noticed a four-headed hydra
 12262 | D:12     | Noticed an eight-headed hydra
 12266 | D:12     | Killed a four-headed hydra
 12267 | D:12     | Reached skill level 12 in Fighting
 12269 | D:12     | Killed an eight-headed hydra
 12270 | D:12     | Gained mutation: Your touch may inflict minor irresistible
                  | damage on your foes. [demonic ancestry]
 12270 | D:12     | Reached XP level 12. HP: 45/107 MP: 19/19
 12652 | D:12     | You fall into a shaft and drop 2 floors!
 12655 | D:14     | Noticed a centaur warrior
 12657 | D:14     | Killed a centaur warrior
 12662 | D:14     | Acquired a manual of Invocations
 12691 | D:13     | Noticed a two-headed ogre
 12707 | D:12     | Slain by a +7 long sword

Illustrated notes

Levels and vault maps discovered:
D:1:      lightli_molten_gateway, layout_loops_ring,
          minmay_misc_feat_four_crosses, minmay_misc_feat_enclosed, minivault_5,
          minmay_misc_feat_square
D:2:      layout_basic, dreamdust_ecumenical_altar_angels_and_demons
D:3:      layout_basic
D:4:      layout_rooms, kennysheep_mini_moat, ebering_ghost_disaster_area,
          st_stairs_12, uniq_eustachio
D:5:      layout_loops_cross, nicolae_gozag_seed_capital
D:6:      layout_rooms, mainiacjoe_overflow_big_doors, uniq_sigmund
D:7:      layout_cave_pods, minmay_temple_entry_glassed_door, uniq_maggie
D:8:      layout_loops_corners
D:9:      layout_gridville
D:10:     layout_layer_cave, enter_trove_2, chequers_decorated_corner
D:11:     layout_basic, dpeg_lair_monsters,
          kennysheep_orc_monster_closet_entryway, serial_shops,
          nicolae_shop_advertising_works [nicolae_subvault_shop_adworks],
          shop_statue, nicolae_shop_bloodbath_and_beyond
D:12:     layout_rooms, gauntlet_entry_generic, kennysheep_decorative_pillar
D:13:     layout_basic, erik_vaults_1, serial_glass, glass_columns_a,
          glass_columns_a, feat_on_display, minmay_strange_pillars,
          feat_on_display, special_room [special_room_orc], serial_shops,
          bzr_entry_gold
D:14:     layout_cave_pools, lemuel_crystal_altar, uniq_agnes

Skill      XL: |  1  2  3  4  5  6  7  8  9 10 11 12 |
---------------+-------------------------------------+-----
Dodging        | 1 2 3 4 5 6 7 |  7.0
Polearms       | 2 |  2.3
Armour         | 2 3 4 5 6 7 8 |  8.0
Invocations    | 3 4 5 6 7 8 9 10 | 10.7
Fighting       | 4 5 6 7 9 10 12 | 12.1
Maces & Flails | 1 3 4 6 |  6.4
Shields        | 3 |  3.9

Action                   |  1- 3 |  4- 6 |  7- 9 | 10-12 || total
-------------------------+-------+-------+-------+-------++-------
Melee: Spear             |   158 |    12 |       |       ||   170
       Great mace        |       |    99 |   135 |   127 ||   361
       Mace              |       |       |       |    39 ||    39
Invok: Bend Space        |     1 |     1 |       |       ||     2
  Use: Scroll            |       |     4 |     3 |    10 ||    17
       Potion            |       |     1 |       |       ||     1
Armor: Leather armour    |     5 |       |       |       ||     5
       Chain mail        |    65 |    94 |    78 |     3 ||   240
       Ring mail         |     2 |       |       |       ||     2
       Scale mail        |       |       |       |   112 ||   112
       Plate armour      |       |       |       |    35 ||    35
Dodge: Dodged            |    54 |    75 |   123 |   271 ||   523
       Repelled          |       |       |     3 |       ||     3
Block: Kite shield       |       |       |       |    30 ||    30
       Reflection        |       |       |       |     4 ||     4

Table legend: (Time is in decaauts)
 A = Elapsed time spent in this place.
 B = Non-inter-level travel time spent in this place.
 C = Inter-level travel time spent in this place.
 D = Time resting spent in this place.
 E = Time spent auto-exploring this place.
 F = Levels seen in this place.
 G = Mean time per level.
                   A        B        C        D        E       F      G
               +--------+--------+--------+--------+--------+-----+--------+
         Total |  12913 |  12589 |    324 |   2505 |   8022 |  15 |  860.9 |
       Dungeon |  12836 |  12512 |    324 |   2435 |   8022 |  14 |  916.9 |
         Abyss |     77 |     77 |      0 |     70 |      0 |   1 |   77.0 |
               +--------+--------+--------+--------+--------+-----+--------+

Top non-repeatable levels by time:
    D:10: 2317 daAuts
     D:1: 1603 daAuts
     D:8: 1392 daAuts
     D:2: 1188 daAuts
     D:7: 1108 daAuts
     D:9: 1031 daAuts
    D:11: 1014 daAuts
     D:3: 893 daAuts
     D:5: 645 daAuts
     D:6: 605 daAuts
     D:4: 526 daAuts
    D:12: 459 daAuts
 Abyss:1: 77 daAuts
    D:13: 36 daAuts
    D:14: 14 daAuts
